Map: Orbital Shipyard

Players

RayReign

  • Race: Protoss Protoss
  • League: Diamond

NoRegreT - Winner!

  • Race: Zerg Zerg
  • League: Diamond

Event: ASL Season 5 Prime League LOTV Beta

VOD

Have the link to the VOD?

Description

Time

  • Played on: Sept. 22, 2015, 7:58 p.m.
  • Length: 9:03

All games in this series

Show
View Real Time Build Order
Export as new Build Order

RayReign Protoss 

Build Orders: 1 Gate Expand 

Get SALT Encoding   

  12  0:00  Probe (Chrono Boost)  
  13  0:10  Probe (Chrono Boost)  
  14  0:19  Pylon  
  14  0:21  Probe (Chrono Boost)  
  15  0:37  Probe (Chrono Boost)  
  15  0:40  Gateway  
  16  0:47  Probe (Chrono Boost)  
  17  0:57  Probe (Chrono Boost), Assimilator  
  18  1:09  Probe (Chrono Boost)  
  19  1:19  Probe (Chrono Boost)  
  20  1:26  Nexus  
  20  1:36  Cybernetics Core  
  20  1:40  Pylon  
  20  1:43  Probe (Chrono Boost)  
  21  1:52  Assimilator  
  21  1:53  Probe (Chrono Boost)  
  22  2:05  Probe (Chrono Boost)  
  23  2:14  Adept  
  23  2:15  Warp Gate  
  25  2:16  Probe (Chrono Boost)  
  26  2:28  Mothership Core (Chrono Boost)  
  28  2:39  Probe (Chrono Boost)  
  28  2:41  Adept  
  31  2:46  Probe (Chrono Boost)  
  32  2:53  Robotics Facility  
  32  2:56  Probe x2 (Chrono Boost)  
  33  3:06  Probe x2 (Chrono Boost), Pylon  
  33  3:09  Stalker  
  37  3:15  Probe (Chrono Boost)  
  37  3:17  Probe (Chrono Boost)  
  39  3:25  Probe (Chrono Boost)  
  40  3:27  Probe (Chrono Boost)  
  40  3:30  Gateway  
  40  3:32  Gateway  
  41  3:38  Gateway  
  41  3:43  Warp Prism (Chrono Boost)  
  41  3:48  Probe x2  
  45  3:58  Probe  
  45  4:00  Probe  
  47  4:07  Probe, Pylon  
  47  4:09  Pylon  
  47  4:12  Probe  
  49  4:17  Probe  
  49  4:18  Twilight Council  
  49  4:22  Immortal (Chrono Boost)  
  54  4:42  Adept x4, Pylon  
  62  4:51  Immortal (Chrono Boost)  
  64  5:10  Pylon x2  
  64  5:13  Pylon  
  64  5:21  Immortal  
  68  5:36  Gateway, Shield Upgrade (Chrono Boost)  
  68  5:38  Gateway  
  68  5:40  Gateway  
  68  5:42  Gateway  
  68  5:46  Pylon  
  68  5:49  Adept  
  70  5:50  Adept x3  
  66  6:13  Adept x4  
  68  6:26  Pylon x2  
  68  6:30  Observer  
  68  6:36  Adept x3  
  68  6:37  Adept  
  77  6:41  Adept x2  
  77  6:42  Adept x2  
  77  6:46  Pylon  
  85  6:47  Assimilator  
  85  6:52  Assimilator  
  85  7:04  Adept x2  
  85  7:05  Sentry  
  85  7:06  Adept x2  
  94  7:08  Zealot x3  
  100  7:23  Forge  
  100  7:27  Mothership Core  
  92  7:30  Pylon  
  92  7:31  Pylon  
  82  7:37  Probe  
  77  7:48  Probe  
  68  7:53  Warp Prism  
  68  7:58  Photon Cannon  
  66  8:02  Photon Cannon x2  
  66  8:04  Photon Cannon  
  52  8:08  Stalker  
  52  8:09  Stalker x2  
  52  8:11  Stalker  
  60  8:22  Stalker  
  60  8:23  Stalker  
  58  8:35  Cybernetics Core  
Show
View Real Time Build Order
Export as new Build Order

NoRegreT Zerg - Winner!

Build Orders: Hatch First 

Get SALT Encoding   

  12  0:03  Drone  
  13  0:09  Drone  
  14  0:21  Drone, Extractor  
  14  0:22  Extractor  
  14  0:23  Drone  
  14  0:28  Overlord  
  16  0:51  Hatchery  
  16  0:53  Drone  
  16  0:55  Drone  
  17  0:59  Drone  
  18  1:22  Drone, Spawning Pool  
  18  1:24  Drone  
  18  1:25  Extractor  
  18  1:30  Drone  
  19  1:40  Drone  
  20  1:54  Hatchery  
  19  1:56  Drone  
  20  2:09  Queen  
  20  2:10  Queen  
  20  2:14  Zergling x2  
  25  2:18  Drone  
  25  2:20  Drone  
  27  2:26  Overlord  
  27  2:30  Drone  
  28  2:39  Metabolic Boost  
  28  2:43  Overlord  
  28  2:46  Drone  
  28  2:49  Drone  
  30  2:52  Drone  
  30  2:53  Drone  
  30  2:56  Drone  
  33  3:00  Drone  
  33  3:04  Queen  
  36  3:07  Drone  
  36  3:09  Drone  
  36  3:11  Drone  
  39  3:17  Drone x2  
  41  3:21  Drone  
  41  3:22  Drone x3  
  45  3:27  Drone x3  
  45  3:32  Drone x2  
  49  3:36  Overlord  
  49  3:42  Overlord  
  49  3:50  Roach Warren  
  49  3:51  Zergling x2  
  49  3:54  Queen  
  49  3:55  Zergling x10  
  55  4:00  Zergling x6  
  55  4:02  Zergling x4  
  61  4:04  Zergling x2  
  61  4:05  Zergling x2  
  61  4:07  Zergling x2  
  61  4:08  Zergling x2  
  65  4:11  Zergling x2  
  66  4:24  Overlord  
  66  4:27  Lair  
  66  4:28  Overlord  
  65  4:41  Drone  
  65  4:43  Drone x4, Extractor  
  65  4:44  Drone x4  
  65  4:45  Drone, Extractor  
  73  4:53  Drone x5  
  73  4:55  Drone x3  
  81  5:02  Drone  
  81  5:03  Overlord  
  81  5:05  Overlord  
  81  5:06  Extractor  
  81  5:08  Extractor  
  81  5:10  Drone x2  
  81  5:13  Extractor  
  79  5:29  Overlord  
  79  5:33  Drone x3, Spire  
  81  5:41  Zergling x2  
  81  5:42  Zergling x24  
  94  5:51  Zergling x2  
  93  5:58  Zergling x4  
  93  6:01  Zergling x2  
  89  6:05  Hatchery  
  89  6:09  Drone  
  89  6:10  Drone x2  
  86  6:18  Drone  
  86  6:19  Drone  
  85  6:49  Mutalisk  
  85  6:50  Mutalisk  
  85  6:51  Mutalisk x9  
  85  6:53  Overlord  
  104  6:58  Overlord  
  104  7:03  Overlord  
  104  7:08  Mutalisk x2, Spine Crawler x3  
  101  7:09  Mutalisk, Spine Crawler x2  
  101  7:10  Mutalisk, Spine Crawler, Overlord  
  101  7:11  Zergling x6  
  101  7:12  Zergling x10  
  101  7:14  Spine Crawler  
  112  7:21  Mutalisk x2  
  95  7:32  Mutalisk x2  
  89  7:38  Zergling x10  
  89  7:39  Zergling x8  
  89  7:42  Zergling x6  
  86  7:49  Zergling x4  
  81  7:54  Zergling x2  
  81  7:57  Mutalisk  
  81  8:04  Drone x5  
  81  8:07  Queen  
  81  8:10  Drone  
  84  8:13  Drone  
  84  8:15  Drone  
  80  8:41  Zergling x2  
  80  8:42  Zergling x2  
  80  8:43  Zergling x6  
  80  8:46  Zergling x4  
Tags
 
Add a new tag
Caveats
  • Supply blocks, unpowered buildings, or Contaminate may cause inaccurate times.
  • Supply counts are checked every 10 seconds.